 Dungeon Crawl Stone Soup version 0.25-a0-302-g9f758675c1 (webtiles) character file.

Game seed: 7851725351446694222, levelgen mode: deterministic

56 DerDa the Firebug (level 3, -4/21 HPs)
             Began as an Octopode Fire Elementalist on Dec 20, 2019.
             Killed from afar by Sigmund (8 damage)
             ... with a magic dart
             ... on level 2 of the Dungeon.
             The game lasted 00:06:40 (1697 turns).

DerDa the Firebug (Octopode Fire Elementalist)      Turns: 1697, Time: 00:06:41

Health: -4/21      AC:  1    Str:  7    XL:     3   Next: 97%
Magic:  2/7        EV: 13    Int: 18    God:
Gold:   55         SH:  0    Dex: 12    Spells: 4/8 levels left

rFire    . . .     SeeInvis .   l - +0 short sword
rCold    . . .     Gourm    +   (no shield)
rNeg     . . .     Faith    .   (helmet restricted)
rPois    .         Spirit   .   r - amulet of the gourmand
rElec    .         Reflect  .   (no ring)
rCorr    .         Harm     .   (no ring)
MR       .....                  (no ring)
Stlth    +++.......             (no ring)
HPRegen  0.07/turn              (no ring)
MPRegen  0.10/turn              (no ring)
                                (no ring)
                                (no ring)

@: no status effects
A: almost no armour, stealthy swim, amphibious, 8 rings, constrict 8, camouflage
1, gelatinous body 1
a: no special abilities


You were on level 2 of the Dungeon.
You were not hungry.

You visited 1 branch of the dungeon, and saw 2 of its levels.

You collected 55 gold pieces.

Inventory:

Hand Weapons
 e - a +0 club
 l - a +0 short sword (weapon)
 m - a +0 hunting sling
Missiles
 i - 24 stones (quivered)
 j - 38 sling bullets
 k - 18 arrows
Jewellery
 d - an uncursed amulet of faith
 r - an amulet of the gourmand (around mantle)
 s - a +3 ring of evasion {unknown}
Wands
 f - a wand of iceblast (7)
Scrolls
 h - a scroll of identify {unknown}
 o - a scroll of enchant armour {unknown}
Potions
 a - a potion of lignification {unknown}
 c - 2 potions of curing {unknown}
 g - 2 potions of agility {unknown}
 n - a potion of mutation {unknown}
 p - a potion of flight {unknown}
Comestibles
 b - a ration


   Skills:
 - Level 2.0 Dodging
 - Level 2.6 Stealth
 * Level 3.0 Spellcasting
 + Level 1.9 Conjurations
 + Level 3.5 Fire Magic


You had 4 spell levels left.
You knew the following spells:

 Your Spells              Type           Power        Failure   Level  Hunger
a - Foxfire               Conj/Fire      ##..         5%          1    None
b - Conjure Flame         Conj/Fire      ##......     16%         3    ###....

Your spell library contained the following spells:

 Spells                   Type           Power        Failure   Level  Hunger
 Inner Flame              Hex/Fire       #.......     24%         3    ###....
 Sticky Flame             Conj/Fire      ##......     45%         4    ####...
 Fireball                 Conj/Fire      ##........   82%         5    ######.


Dungeon Overview and Level Annotations

Branches:
Dungeon (2/15)

Altars:
Xom

Annotations:
D:2 Sigmund


Innate Abilities, Weirdness & Mutations

You cannot wear most types of armour.
You are very stealthy in the water. (Stealth+)
You are amphibious.
You can wear up to eight rings at the same time.
You can use your tentacles to constrict eight enemies at once.
Your skin changes colour to match your surroundings (Stealth+).
Your rubbery body absorbs attacks. (AC +1, EV +1)


Message History

Sigmund is severely wounded.
The foxfire hits Sigmund.
Sigmund is almost dead.
Sigmund gestures wildly while chanting.
Sigmund flickers and vanishes!
Deactivating autopickup; reactivate with Ctrl-A.
The foxfire hits something. x2
You are confused.
A magic dart appears from out of thin air!
The magic dart hits you! Something hits you!
* * * LOW HITPOINT WARNING * * *
You feel less confused. Something hits you.
* * * LOW HITPOINT WARNING * * *
You hear some strange, mumbled words.
Something tries to affect you, but you resist.
A magic dart appears from out of thin air!
The magic dart hits you!
You die...

############### .#
.......@...{..###.#
############...##.#
#...##.# #...##.#
#...##.#
#######...##.######
....$..[...........
?....##...##.##....
.### #.............


There were no monsters in sight!

Vanquished Creatures
  An adder (D:2)
  3 dart slugs
  A ball python (D:1)
  A giant cockroach (D:1)
  3 goblins (D:1)
  8 hobgoblins (D:1)
  3 jackals (D:2)
  5 kobolds
  A quokka (D:2)
  4 bats
  2 frilled lizards
  6 rats
  2 butterflies (D:2)
40 creatures vanquished.

Vanquished Creatures (others)
  91 foxfires
91 creatures vanquished.

Grand Total: 131 creatures vanquished

Notes
Turn   | Place    | Note
-------+----------+-------------------------------------------
     0 | D:1      | DerDa the Octopode Fire Elementalist began the quest for
                  | the Orb.
     0 | D:1      | Reached XP level 1. HP: 11/11 MP: 3/3
   291 | D:1      | Reached XP level 2. HP: 13/17 MP: 1/5
   880 | D:1      | Reached XP level 3. HP: 18/21 MP: 6/6
   998 | D:1      | Learned a level 3 spell: Conjure Flame
  1391 | D:2      | Found a shimmering altar of Xom.
  1568 | D:2      | Noticed Sigmund
  1697 | D:2      | Killed from afar by Sigmund

Levels and vault maps discovered:
D:1:      dpeg_arrival_oval, layout_loops_corners
D:2:      layout_basic, xom_butterflies, uniq_sigmund

Skill      XL: |  1  2  3 |
---------------+----------+-----
Spellcasting   | 3 |  3.0
Dodging        | |  2.0
Stealth        | |  2.6
Conjurations   | |  1.9
Fire Magic     | |  3.5

Action                   || total
-------------------------++-------
Melee: Unarmed           ||     7
       Constrict         ||    12
       Tentacles         ||     7
       Club              ||     5
       Short sword       ||    19
 Cast: Foxfire           ||    52
  Eat: Chunk             ||     4
Armor: Skin              ||     4
Dodge: Dodged            ||    33

Table legend:
 A = Non-vault XP
 B = Vault XP
 C = Vault XP percentage of total XP
 D = Non-vault monster count
 E = Vault monster count
 F = Vault count percentage of total count
                 A         B        C        D         E       F
            +---------+---------+-------+---------+---------+-------
      Total |      81 |       0 |   0.0 |      38 |       0 |   0.0
            +---------+---------+-------+---------+---------+-------
        D:1 |      43 |       0 |   0.0 |      25 |       0 |   0.0
        D:2 |      38 |       0 |   0.0 |      13 |       0 |   0.0
            +---------+---------+-------+---------+---------+-------
